 Dungeon Crawl Stone Soup version 0.30-a0-6-g7c9e10e132 (webtiles) character file.

Game seed: 7738506556935191232

7 Sobieck the Sneak (level 1, 0/9 HPs)
             Began as a Spriggan Earth Elementalist on Aug 22, 2022.
             Slain by a gnoll
             ... wielding a +0 spear
              (9 damage)
             ... on level 1 of the Dungeon.
             The game lasted 00:00:52 (253 turns).

Sobieck the Sneak (Spriggan Earth Elementalist)      Turns: 253, Time: 00:00:53

Health: 0/9        AC:  2    Str:  4    XL:     1   Next: 91%
Magic:  3/5        EV: 17    Int: 16    God:
Gold:   12         SH:  0    Dex: 15    Spells: 5/6 levels left

rFire   . . .      SeeInvis +    (weapon restricted)
rCold   . . .      Faith    .    (no shield)
rNeg    . . .      Spirit   .    a - +0 robe
rPois   .          Reflect  .    (helmet restricted)
rElec   .          Harm     .    (no cloak)
rCorr   .          Rampage  .    (gloves unavailable)
Will    .....                    (boots unavailable)
Stlth   ++........               (no amulet)
HPRegen 0.03/turn                (no ring)
MPRegen 0.09/turn                (no ring)

@: very quick
A: very small, no large weapons, unfitting armour, see invisible, speed 3
a: no special abilities


You were on level 1 of the Dungeon.
You visited 1 branch of the dungeon, and saw 1 of its levels.

You collected 12 gold pieces.


Innate Abilities, Weirdness & Mutations

You are very small and have problems with some larger weapons.
You are too small for most types of armour.
You have supernaturally acute eyesight. (SInv)
You cover ground extremely quickly. (Speed+++)


   Skills:
 - Level 2.6 Dodging
 + Level 3.4 Stealth
 + Level 3.0 Spellcasting
 - Level 1.3 Transmutations
 + Level 2.8 Earth Magic


You had 5 spell levels left.
You knew the following spells:

 Your Spells              Type           Power      Damage    Failure   Level
a - Sandblast             Erth           22%        2d7       6%          1

Your spell library contained the following spells:

 Spells                   Type           Power      Damage    Failure   Level
 Passwall                 Tmut/Erth      7%         N/A       12%         2
 Stone Arrow              Conj/Erth      14%        3d7       30%         3
 Petrify                  Tmut/Erth      9%         N/A       61%         4

Inventory:

Hand Weapons
 d - a +0 club {mace}
   (You took it off a goblin on level 1 of the Dungeon)
Missiles
 f - 8 stones {throwing}
Armour
 a - a +0 robe (worn)
Scrolls
 c - a scroll of identify {unknown}
Potions
 b - 2 potions of magic
 e - a potion of curing {unknown}

Dungeon Overview and Level Annotations

Branches:
Dungeon (1/15) Zot: 5801

Altars:

#........# ########.# #.#
#.# ##.## #########...######
#####.....##.....#....
#..................###
#.###@###.####.#####
#..g....#.# #.# #.###.#.#.#
#.# #.###.#.#.# ##+##
#.........###...##
#.###.#.####.....##
#.......###.......##
########.....###.........###
...........#...'.........+..


You could see a gnoll.


Message History

🤖 Initializing magus.rc ...
Options error: Bad monster_list_colour key: strict_neutral (~/.crawlrc:4811) Bad channel name for runrest: 'pray:' ✅ Successfully initialized magus_sobieck.rc [v0.0.2] Welcome, Sobieck the Spriggan Earth Elementalist.
The heart of this dungeon contains the marvelous artefact, the Orb of Zot.
Press ? for a list of commands and other information.
Found a scale mail.
Found a staircase leading out of the dungeon.
Unknown command.
Unknown command.
There is an empty arch of ancient stone here.
A frilled lizard comes into view.
The frilled lizard hisses angrily.
Danger!
The blast of sand misses the frilled lizard.
The frilled lizard misses you.
Unknown command.
You miscast Sandblast.
You are very lightly contaminated with residual magic.
Nothing appears to happen.
The frilled lizard closely misses you.
The blast of sand misses the frilled lizard.
The frilled lizard bites you but does no damage.
The frilled lizard misses you.
Unknown command.
The blast of sand hits the frilled lizard.
You kill the frilled lizard!
Unknown command.
Your magical contamination has completely faded away.
Unknown command.
An endoplasm comes into view.
You see here a frilled lizard corpse.
Danger!
Unknown command.
You miscast Sandblast.
You are very lightly contaminated with residual magic.
Nothing appears to happen.
The blast of sand hits the endoplasm.
You kill the endoplasm!
You can't see any susceptible monsters within range! (Use Z to cast anyway.)
Your magical contamination has completely faded away.
Unknown command.
A bat comes into view.
Danger!
You can't see any susceptible monsters within range! (Use Z to cast anyway.)
The blast of sand hits the bat!
You kill the bat!
You can't see any susceptible monsters within range! (Use Z to cast anyway.)
c - a scroll labelled ZAPRAU CUBB Unknown command.
A goblin comes into view. It is wielding a +0 club.
The goblin shouts!
Danger!
The blast of sand hits the goblin.
You kill the goblin!
A dart slug comes into view.
Danger!
The blast of sand hits the dart slug!
You kill the dart slug!
Your Spellcasting skill increases to level 3!
d - a +0 club {mace}
e - a green potion Unknown command.
You open the door.
There is an open door here.
f - 8 stones {throwing}
b - 2 potions of magic (gained 1)
You open the door.
There is an open door here.
You now have 12 gold pieces.
A gnoll comes into view. It is wielding a +0 spear.
Danger!
The blast of sand hits the gnoll.
The gnoll shouts!
The blast of sand misses the gnoll.
The gnoll hits you from afar with a +0 spear!
Ouch! That really hurt!
You die...

Skill      XL: |  1 |
---------------+----+-----
Spellcasting   | 3 |  3.0
Dodging        | |  2.6
Stealth        | |  3.4
Transmutations | |  1.3
Earth Magic    | |  2.8

Action                   || total
-------------------------++-------
 Cast: Sandblast         ||     9
Armor: Robe              ||     1
Dodge: Dodged            ||     3

Levels and vault maps discovered:
D:1:      heliophobic_arrival_enchanted_forest, layout_loops_corners,
          shapermc_ecumenical_altar_notcrosses

Notes
Turn   | Place    | Note
-------+----------+-------------------------------------------
     0 | D:1      | Sobieck the Spriggan Earth Elementalist began the quest for
                  | the Orb.
     0 | D:1      | Reached XP level 1. HP: 9/9 MP: 5/5
   139 | D:1      | Reached skill level 3 in Spellcasting
   253 | D:1      | Slain by a gnoll

Vanquished Creatures
  A dart slug (D:1)
  A bat (D:1)
  An endoplasm (D:1)
  A goblin (D:1)
  A frilled lizard (D:1)
5 creatures vanquished.

Table legend:
 A = Non-vault XP
 B = Vault XP
 C = Vault XP percentage of total XP
 D = Non-vault monster count
 E = Vault monster count
 F = Vault count percentage of total count
                 A         B        C        D         E       F
            +---------+---------+-------+---------+---------+-------
      Total |      11 |       0 |   0.0 |       5 |       0 |   0.0
            +---------+---------+-------+---------+---------+-------
        D:1 |      11 |       0 |   0.0 |       5 |       0 |   0.0
            +---------+---------+-------+---------+---------+-------

Illustrated notes

Table legend:
 A = Kills in this place as a percentage of kills in entire the game.
 B = Kills by you in this place as a percentage of kills by you in the entire game.
 C = Kills by friends in this place as a percentage of kills by friends in the entire game.
 D = Other kills in this place as a percentage of other kills in the entire game.
 E = Experience gained in this place as a percentage of experience gained in the entire game.
 F = Experience gained in this place divided by the number of levels of this place that you have seen.
                   A       B       C       D       E      F
               +-------+-------+-------+-------+-------+----------------------
         Total | 100.0 | 100.0 |   N/A |   N/A | 100.0 |  11.0
       Dungeon | 100.0 | 100.0 |   N/A |   N/A | 100.0 |  11.0
               +-------+-------+-------+-------+-------+----------------------

Table legend: (Time is in decaauts)
 A = Elapsed time spent in this place.
 B = Non-inter-level travel time spent in this place.
 C = Inter-level travel time spent in this place.
 D = Time resting spent in this place.
 E = Time spent auto-exploring this place.
 F = Levels seen in this place.
 G = Mean time per level.
                   A        B        C        D        E       F      G
               +--------+--------+--------+--------+--------+-----+--------+
         Total |    197 |    197 |      0 |      0 |    169 |   1 |  197.0 |
       Dungeon |    197 |    197 |      0 |      0 |    169 |   1 |  197.0 |
               +--------+--------+--------+--------+--------+-----+--------+

Top non-repeatable levels by time:
     D:1: 197 daAuts
